 Dungeon Crawl Stone Soup version 0.30-a0-586-g23e55c9e0a (webtiles) character file.

Game seed: 862855987649169149

3023 billz999 the Thaumaturge (level 10, -3/76 HPs)
             Began as a Djinni Ice Elementalist on Jan 4, 2023.
             Was an Initiate of Makhleb.
             Killed from afar by Dowan (25 damage)
             ... with a shard of ice
             ... on level 7 of the Dungeon.
             The game lasted 00:18:30 (7005 turns).

billz999 the Thaumaturge (Djinni Ice Elementalist)  Turns: 7005, Time: 00:18:31

Health: -3/76      AC:  6    Str: 13    XL:     10   Next: 10%
Gold:   350        EV: 13    Int: 21    God:    Makhleb [......] SH:  0 Dex: 14

rFire   + + .      SeeInvis .    d - +0 shortbow
rCold   x . .      Faith    .    (shield currently unavailable)
rNeg    + + .      Spirit   .    j - +1 robe {Will+}
rPois   ∞          Reflect  .    (no helmet)
rElec   .          Harm     .    i - +0 cloak
rCorr   .          Rampage  .    z - +1 pair of gloves of the Lair of Beasts {rN+}
Will    ++...                    (boots unavailable)
Stlth   ++                       B - amulet of the acrobat
HPRegen 0.32/turn                q - +6 ring of strength
MPRegen 0.00/turn                b - ring of positive energy

@: brilliant, freezing walls, flying
A: sickness immunity, fire resistance 2, cold vulnerability 1, float, innate
caster, HP casting, extra vitality 1
a: Renounce Religion


You were on level 7 of the Dungeon.
You worshipped Makhleb.
Makhleb was noncommittal.
You visited 2 branches of the dungeon, and saw 8 of its levels.

You collected 350 gold pieces.

Inventory:

Hand Weapons
 d - a +0 shortbow (weapon)
 g - a +1 dagger of protection
 r - the +4 broad axe of Unno {heavy, Int+4}
   (You acquired it on level 7 of the Dungeon)

   It deals dramatically more damage, but attacks with it are much slower.
   Int:       It affects your intelligence (+4).
 A - a +1 whip of electrocution
Missiles
 e - 3 throwing nets
Armour
 a - a +0 robe
 i - a +0 cloak (worn)
 j - a +1 robe of willpower (worn)
 z - the +1 pair of gloves of the Lair of Beasts (worn) {rN+}
   (You found it on level 5 of the Dungeon)

   rN:        It protects you from negative energy.
Magical Staves
 p - a staff of death
Jewellery
 b - a ring of positive energy (right hand)
 q - a +6 ring of strength (left hand)
 B - an amulet of the acrobat (around neck)
Scrolls
 c - a scroll of magic mapping
 f - 2 scrolls of noise
 k - a scroll of silence
 l - a scroll of fog
 m - 2 scrolls of teleportation
 w - a scroll of enchant armour {unknown}
 y - a scroll of poison
Potions
 n - a potion of brilliance
 s - 2 potions of flight {unknown}
 u - a potion of berserk rage {unknown}
 v - a potion of might
 x - a potion of heal wounds {unknown}
 C - a potion of attraction {unknown}
 D - a potion of mutation {unknown}


   Skills:
 + Level 7.7 Fighting
 * Level 1.6 Axes
 - Level 3.9 Dodging
 - Level 3.1 Stealth
 - Level 8.2 Spellcasting


You had 5 spell levels left.
You knew the following spells:

 Your Spells              Type           Power      Damage    Failure   Level
a - Freeze                Ice            100%       1d10      1%          1
b - Frozen Ramparts       Ice            100%       1d16      1%          3
c - Ozocubu's Armour      Ice            59%        N/A       1%          3
d - Summon Ice Beast      Ice/Summ       59%        N/A       2%          4
e - Apportation           Tloc           100%       N/A       1%          1
f - Blink                 Tloc           100%       N/A       1%          2
g - Swiftness             Air            59%        N/A       1%          3
h - Kindle Blastsparks    Fire/Tloc/Air  100%       2d18      1%          3
Your spell library was empty.

Dungeon Overview and Level Annotations

Branches:
Dungeon (7/15)             Temple (1/1) D:6

Altars:
Ashenzari
Cheibriados
Dithmenos
Fedhas
Gozag
Hepliaklqana
Makhleb
Nemelex Xobeh
Okawaru
Wu Jian
Xom
Zin

Shops:
D:1 :   D:6 ***

Annotations:
D:7 Dowan


Innate Abilities, Weirdness & Mutations

You are immune to sickness and miasma.
You are immune to poison.
Your flesh is very heat resistant. (rF++)
You are vulnerable to cold. (rC-)
You float through the air rather than walking.
You learn spells naturally, not from books.
Your magical power is your life essence.
You have superior vitality. (+4 MHP)


Message History

Orders for allies: a - Attack new target. p - Attack previous target. r - Retreat! s - Stop attacking. g - Guard the area. f - Follow me.
Anything else - Cancel.
Okay, then.
Casting: Kindle Blastsparks (safe; 1% risk of failure)
Confirm with . or Enter, or press ? or * to list all spells.
Casting: Frozen Ramparts (safe; 1% risk of failure)
Press: ? - help, Dir - look around, f - activate The walls around you are covered in ice.
Dowan gestures wildly while chanting.
Dowan blinks!
The wall freezes the centaur but does no damage.
The centaur unwields a +0 shortbow.
The centaur wields a +0 long sword.
The centaur closely misses you.
The centaur kicks you but does no damage.
Dowan says, "Her death will not be in vain!"
Casting: Frozen Ramparts (safe; 1% risk of failure)
Confirm with . or Enter, or press ? or * to list all spells.
Okay, then.
It was a potion of brilliance.
You feel clever all of a sudden.
The wall freezes the centaur.
The centaur hits you with a +0 long sword.
The centaur kicks you but does no damage.
The wall freezes the centaur!
The centaur hits you with a +0 long sword!
The centaur closely misses you.
Casting: Frozen Ramparts (safe; 1% risk of failure)
Confirm with . or Enter, or press ? or * to list all spells.
Aiming: Freeze (safe; 1% risk of failure)
Press: ? - help, Shift-Dir - straight line, f - centaur
Aim: a centaur, wielding a +0 long sword (severely wounded)
You feel a surge of power!
You freeze the centaur!
You kill the centaur!
Makhleb accepts your kill.
* * * LOW HITPOINT WARNING * * *
Dowan points at you and mumbles some strange words.
The shard of ice hits you!!
You feel a painful chill!
You die...

......#†###########
......#.#......
......#........
###...#...#####
...$..#).......
####.......####
...:.....#.# .
.####e.#?.#....
#.....)@..o.....
......#.#.......
#...............
...(............
................ ..
............. .
......~.......
.............


You could see Dowan (fast) and an orc.

Vanquished Creatures
  Pikel (D:5)
  A hornet (D:7)
  Prince Ribbit (D:5)
  Menkaure (D:5)
  Duvessa (D:7)
  A black bear (D:6)
  3 ogres (D:6)
  2 centaurs (D:7)
  A lemure (D:5)
  A phantom (D:6)
  A bullfrog (D:7)
  2 scorpions
  4 killer bees (D:5)
  3 hounds (D:5)
  5 jellies
  Jessica (D:3)
  4 iguanas
  Robin (D:3)
  5 adders
  3 ufetubi
  3 worms
  3 dart slugs
  8 orcs
  8 bats
  8 endoplasms
  4 giant cockroaches
  9 goblins
  5 hobgoblins
  5 jackals
  12 kobolds
  5 quokkas
  5 ball pythons
  6 frilled lizards
  4 rats
127 creatures vanquished.

Vanquished Creatures (collateral kills)
  A steam dragon (D:6)
  A water moccasin (D:6)
  A black bear (D:6)
  An ogre (D:4)
  A lemure (D:5)
  2 necrophages
  2 orc priests (D:4)
  A worm (D:4)
  An orc (D:3)
  4 goblins (D:3)
  2 hobgoblins
17 creatures vanquished.

Vanquished Creatures (others)
  A bush (D:5)
  A fungus (D:2)
  11 toadstools (D:2)
13 creatures vanquished.

Grand Total: 157 creatures vanquished

Notes
Turn   | Place    | Note
-------+----------+-------------------------------------------
     0 | D:1      | billz999 the Djinni Ice Elementalist began the quest for
                  | the Orb.
     0 | D:1      | billz999 set off with the following spells memorised:
                  | Freeze, Frozen Ramparts, Ozocubu's Armour, Summon Ice
                  | Beast.
     0 | D:1      | Reached XP level 1. HP: 15/15 MP: 0/0
   213 | D:1      | Reached XP level 2. HP: 19/21 MP: 0/0
   614 | D:1      | Reached XP level 3. HP: 23/25 MP: 0/0
   614 | D:1      | Learned a level 1 spell: Apportation
   657 | D:1      | Found Roxt's Book Shoppe.
  1065 | D:2      | Found a broken altar of Ashenzari.
  1786 | D:2      | Reached XP level 4. HP: 26/31 MP: 0/0
  1941 | D:2      | Reached XP level 5. HP: 27/35 MP: 0/0
  1941 | D:2      | Learned a level 2 spell: Blink
  2225 | D:3      | Noticed Robin
  2362 | D:3      | Killed Robin
  2370 | D:3      | Reached skill level 4 in Spellcasting
  2520 | D:3      | Found an iron altar of Okawaru.
  2910 | D:3      | Reached XP level 6. HP: 34/40 MP: 0/0
  3119 | D:3      | Found a faded altar of an unknown god.
  3217 | D:3      | Noticed Jessica
  3225 | D:3      | Killed Jessica
  3613 | D:4      | Reached skill level 5 in Spellcasting
  3613 | D:4      | Reached XP level 7. HP: 43/45 MP: 0/0
  3613 | D:4      | Learned a level 3 spell: Swiftness
  3900 | D:4      | Found a hazy altar of Hepliaklqana.
  4073 | D:5      | Entered Level 5 of the Dungeon
  4079 | D:5      | Found a sparkling altar of Nemelex Xobeh.
  4362 | D:5      | Noticed Prince Ribbit
  4463 | D:5      | Killed Prince Ribbit
  4464 | D:5      | Reached skill level 6 in Spellcasting
  4464 | D:5      | Reached XP level 8. HP: 50/50 MP: 0/0
  4540 | D:5      | Noticed Pikel
  4561 | D:5      | Reached skill level 1 in Fighting
  4561 | D:5      | Noticed Menkaure
  5076 | D:5      | Identified the +1 pair of gloves of the Lair of Beasts
                  | {rN+}
  5084 | D:5      | Killed Menkaure
  5314 | D:5      | Found a snail-covered altar of Cheibriados.
  5349 | D:5      | Reached skill level 7 in Spellcasting
  5372 | D:5      | Identified the +0 robe of Lesser Demons {Str+2}
  5438 | D:5      | Killed Pikel
  5439 | D:5      | Reached skill level 5 in Fighting
  5439 | D:5      | Reached XP level 9. HP: 45/65 MP: 0/0
  5439 | D:5      | Learned a level 3 spell: Kindle Blastsparks
  5744 | D:6      | Found Deagray's Mass Market.
  5749 | D:6      | Found Olakus's Specific Store.
  5749 | D:6      | Found Udghaz Ehotux's General Store.
  5824 | D:6      | Reached skill level 8 in Spellcasting
  6275 | D:6      | Found a staircase to the Ecumenical Temple.
  6394 | Temple   | Entered the Ecumenical Temple
  6481 | Temple   | Became a worshipper of Makhleb the Destroyer
  6635 | D:7      | Noticed a hornet
  6640 | D:7      | Killed a hornet
  6643 | D:7      | HP: 1/68 [centaur/arrow (6)]
  6648 | D:7      | Reached XP level 10. HP: 4/75 MP: 0/0
  6912 | D:7      | Identified a scroll of acquirement
  6912 | D:7      | Acquired the +4 broad axe of Unno {heavy, Int+4}
  6989 | D:7      | Reached skill level 1 in Axes
  6990 | D:7      | Noticed Duvessa
  6993 | D:7      | Noticed Dowan
  6999 | D:7      | Killed Duvessa
  7005 | D:7      | Killed from afar by Dowan

Illustrated notes

Levels and vault maps discovered:
D:1:      dpeg_arrival_lava_temple_mockup, layout_basic, serial_shops,
          nicolae_shop_window_shopping
D:2:      cheibrodos_fertilizer, layout_loops_ring, basic_altar
D:3:      layout_basic, lemuel_tele_altar, shapermc_ecumenical_altar_pompeii,
          uniq_robin, uniq_jessica
D:4:      layout_basic, mainiacjoe_overflow_alcove_2, hex_intersection,
          corexii_leaking_fountain
D:5:      layout_loops_ring, mainiacjoe_overflow_concentric_impassable,
          marbit_many_paths, mainiacjoe_overflow_paths, serial_park_tiny_1,
          uniq_menkaure, uniq_prince_ribbit1, uniq_pikel
D:6:      layout_gridville, minmay_temple_entry_statues_fountains,
          eino_small_chamber_without_monster, chequers_serial_rivers_small_3,
          nicolae_specific_store, minmay_statues_item, minmay_shop_mass
D:7:      layout_basic, mainiacjoe_overflow_small_starburst, serial_rivers,
          chequers_serial_rivers_small_3, chequers_serial_rivers_micro_e,
          chequers_serial_rivers_micro_d, chequers_serial_rivers_room_b,
          chequers_serial_rivers_micro_d, uniq_joseph, uniq_duvessa
Temple:   dpeg_three_leaves_temple

Skill      XL: |  1  2  3  4  5  6  7  8  9 10 |
---------------+-------------------------------+-----
Stealth        | 2 3 |  3.1
Dodging        | 3 |  3.9
Spellcasting   | 4 5 6 7 8 |  8.2
Fighting       | 5 7 |  7.7
Axes           | 1 |  1.6

Action                   |  1- 3 |  4- 6 |  7- 9 | 10-12 || total
-------------------------+-------+-------+-------+-------++-------
Melee: Long sword        |     1 |    20 |       |       ||    21
       Punch             |       |     1 |       |       ||     1
 Fire: Sling             |       |     4 |    69 |       ||    73
       Shortbow          |       |       |       |     5 ||     5
 Cast: Freeze            |    55 |    66 |    49 |     4 ||   174
       Frozen Ramparts   |     3 |    17 |    25 |     2 ||    47
       Blink             |       |     2 |       |       ||     2
       Summon Ice Beast  |       |     3 |    15 |     1 ||    19
       Ozocubu's Armour  |       |     1 |       |       ||     1
       Kindle Blastspark |       |       |     9 |     3 ||    12
Evoke: Wand              |       |       |     6 |     1 ||     7
  Use: Scroll            |     6 |       |     3 |     2 ||    11
       Potion            |       |     1 |     4 |     1 ||     6
 Stab: Sleeping          |       |     4 |       |       ||     4
Armor: Robe              |     7 |    16 |    16 |     3 ||    42
Dodge: Dodged            |    22 |    54 |    58 |     8 ||   142

Table legend: (Time is in decaauts)
 A = Elapsed time spent in this place.
 B = Non-inter-level travel time spent in this place.
 C = Inter-level travel time spent in this place.
 D = Time resting spent in this place.
 E = Time spent auto-exploring this place.
 F = Levels seen in this place.
 G = Mean time per level.
                   A        B        C        D        E       F      G
               +--------+--------+--------+--------+--------+-----+--------+
         Total |   7043 |   6730 |    313 |    795 |   4821 |   8 |  880.4 |
       Dungeon |   6938 |   6657 |    281 |    795 |   4763 |   7 |  991.1 |
        Temple |    104 |     73 |     31 |      0 |     58 |   1 |  104.0 |
               +--------+--------+--------+--------+--------+-----+--------+

Top non-repeatable levels by time:
     D:5: 1636 daAuts
     D:2: 1203 daAuts
     D:3: 1190 daAuts
     D:1: 1017 daAuts
     D:6: 731 daAuts
     D:4: 674 daAuts
     D:7: 485 daAuts
  Temple: 104 daAuts
